 Dungeon Crawl Stone Soup version 0.26-a0-466-g989023bd0d (webtiles) character file.

Game seed: 7927151773068023334

42 HoaS the Ruffian (level 3, -2/21 HPs)
             Began as a Gargoyle Gladiator on Aug 1, 2020.
             Slain by an orc wizard
             ... wielding a +0 dagger of speed
              (4 damage)
             ... on level 3 of the Dungeon.
             The game lasted 00:04:11 (1611 turns).

HoaS the Ruffian (Gargoyle Gladiator)               Turns: 1611, Time: 00:04:12

Health: -2/21      AC: 10    Str: 24    XL:     3   Next: 56%
Magic:  3/3        EV: 11    Int:  8    God:
Gold:   85         SH:  0    Dex: 11    Spells: 2/2 levels left

rFire    . . .     SeeInvis .     - Unarmed
rCold    . . .     Faith    .   (no shield)
rNeg     + . .     Spirit   .   j - +0 ring mail
rPois    ∞         Reflect  .   b - +1 helmet
rElec    +         Harm     .   (no cloak)
rCorr    .                      (no gloves)
MR       .....                  (no boots)
Stlth    +.........             (no amulet)
HPRegen  0.07/turn              k - +6 ring of strength
MPRegen  0.08/turn              (no ring)

@: slowed, very slow
A: negative energy resistance 1, electricity resistance, unbreathing,
petrification resistance, rot immunity, AC +3
a: no special abilities


You were on level 3 of the Dungeon.
You visited 1 branch of the dungeon, and saw 3 of its levels.

You collected 85 gold pieces.

Inventory:

Missiles
 a - 12 sling bullets
 c - 2 throwing nets (quivered)
Armour
 b - a +1 helmet (worn)
 j - a +0 ring mail (worn)
Jewellery
 f - an uncursed ring of resist corrosion {unknown}
 k - a +6 ring of strength (left hand)
 l - a +4 ring of slaying {unknown}
Scrolls
 d - a scroll of remove curse
 m - a scroll of enchant armour
 n - 4 scrolls of teleportation
Potions
 e - 2 potions of lignification {unknown}
 g - a potion of berserk rage {unknown}
 h - a potion of heal wounds {unknown}
 i - a potion of flight {unknown}


   Skills:
 - Level 2.1 Fighting
 - Level 1.7 Throwing
 - Level 2.4 Dodging
 + Level 4.5 Unarmed Combat


You had 2 spell levels left.
You didn't know any spells.
Your spell library was empty.

Dungeon Overview and Level Annotations

Branches:
Dungeon (3/15)

Altars:
Fedhas
Hepliaklqana
Okawaru


Innate Abilities, Weirdness & Mutations

You are resistant to torment.
Your stone body is resilient. (AC +3)
You are immune to poison.
You resist negative energy. (rN+)
You are resistant to electric shocks. (rElec)
You can survive without breathing.
You are immune to petrification.
You are immune to rotting.


Message History

The magic dart hits you.
You hit the orc wizard.
The orc wizard is lightly wounded.
The orc wizard hits you with a +0 dagger of speed.
* * * LOW HITPOINT WARNING * * *
The orc wizard hits you but does no damage.
You punch the orc wizard!
The orc wizard is severely wounded.
The orc wizard hits you with a +0 dagger of speed.
* * * LOW HITPOINT WARNING * * *
You hit the orc wizard but do no damage.
The orc wizard is severely wounded.
The orc wizard hits you with a +0 dagger of speed.
* * * LOW HITPOINT WARNING * * *
The orc wizard points at you and mumbles some strange words.
You feel yourself slow down.
You barely miss the orc wizard.
The orc wizard is severely wounded.
The orc wizard hits you with a +0 dagger of speed.
You die...

*,,***,*,***,** *,*
*,,,,,,*.,,,,,** *,*
#.#*.###.,,,,,,****,****
#.#*.##..*****,,,o.,,,,,
#.#*.#..#*,,,**,,.#*****
#.#*.#..#,,,,,*,o.#
##########.##.#..+,,,,,*,..#
....<......#..#..#,,,,,*...#
..###......#.##.@##,,,*#...#
..........†.....o.#####....#
...##..<..##.##...........#*
$.,*#.....##.###.......####
.,,*###.####.# ##...#### **
**,,,....,,..# ##### *,
**,*###.##*### ****,
**,***#.# *,,,, ,,,,,,..#
*,,,,


You could see an orc wizard (fast).

Vanquished Creatures
  An adder (D:2)
  An ooze (D:1)
  A worm (D:2)
  A dart slug (D:2)
  A giant cockroach (D:1)
  4 hobgoblins
  4 bats
  2 frilled lizards
  5 goblins
  3 kobolds
  2 rats (D:2)
25 creatures vanquished.

Notes
Turn   | Place    | Note
-------+----------+-------------------------------------------
     0 | D:1      | HoaS the Gargoyle Gladiator began the quest for the Orb.
     0 | D:1      | Reached XP level 1. HP: 12/12 MP: 1/1
    65 | D:1      | Reached XP level 2. HP: 13/17 MP: 2/2
   935 | D:2      | Reached skill level 4 in Unarmed Combat
   951 | D:2      | Reached XP level 3. HP: 21/21 MP: 3/3
   953 | D:2      | Found a hazy altar of Hepliaklqana.
  1074 | D:2      | Found a blossoming altar of Fedhas.
  1172 | D:2      | Found an iron altar of Okawaru.
  1610 | D:3      | HP: 1/21 [orc wizard/+0 dagger of speed (1)]
  1611 | D:3      | Slain by an orc wizard

Illustrated notes

Levels and vault maps discovered:
D:1:      nicolae_arrival_washed_ashore, layout_basic, hex_intersection,
          minmay_cut_off
D:2:      layout_basic, nicolae_overflow_crystal_walls, fedhas_altar_2,
          kennysheep_okawaru_gauntlet
D:3:      layout_loops_ring, portal_sewer_entry_e, kennysheep_jessica_study

Skill      XL: |  1  2 |
---------------+-------+-----
Unarmed Combat | 4 |  4.5
Fighting       | |  2.1
Throwing       | |  1.7
Dodging        | |  2.4

Action                   || total
-------------------------++-------
Melee: Unarmed           ||    91
       Punch             ||     1
Throw: Dart              ||    11
       Stone             ||     3
       Throwing net      ||     1
  Use: Scroll            ||     7
Armor: Leather armour    ||     5
       Ring mail         ||    27
Dodge: Dodged            ||    52

Table legend: (Time is in decaauts)
 A = Elapsed time spent in this place.
 B = Non-inter-level travel time spent in this place.
 C = Inter-level travel time spent in this place.
 D = Time resting spent in this place.
 E = Time spent auto-exploring this place.
 F = Levels seen in this place.
 G = Mean time per level.
                   A        B        C        D        E       F      G
               +--------+--------+--------+--------+--------+-----+--------+
         Total |   1605 |   1428 |    177 |     67 |   1101 |   3 |  535.0 |
       Dungeon |   1605 |   1428 |    177 |     67 |   1101 |   3 |  535.0 |
               +--------+--------+--------+--------+--------+-----+--------+

Top non-repeatable levels by time:
     D:1: 809 daAuts
     D:2: 764 daAuts
     D:3: 30 daAuts
